Map: Acropolis LE

Players

PtitDrogo - Winner!

  • Race: Protoss Protoss
  • League: Master
  • Spawn Location: 5:00

OGZest (Zest)

  • Race: Protoss Protoss
  • Spawn Location: 11:00

Event: HomeStory Cup XIX

VOD

Have the link to the VOD?

Description

Time

  • Played on: June 28, 2019, 12:25 p.m.
  • Length: 12:54

All games in this series

Show
View Real Time Build Order
Export as new Build Order

PtitDrogo Protoss - Winner!

Build Orders: Zealot Archon 

Get SALT Encoding   

  12  0:00  Probe  
  13  0:12  Probe  
  14  0:18  Pylon  
  14  0:24  Probe  
  15  0:33  Probe  
  15  0:36  Gateway  
  15  0:41  Probe  
  16  0:47  Assimilator  
  17  0:51  Probe  
  17  0:55  Assimilator  
  18  0:59  Probe  
  19  1:07  Probe  
  19  1:16  Gateway  
  19  1:17  Probe  
  20  1:23  Cybernetics Core  
  21  1:30  Probe  
  21  1:32  Pylon  
  22  1:42  Probe  
  23  1:53  Warp Gate  
  23  1:54  Probe  
  24  2:01  Sentry  
  26  2:02  Stalker  
  26  2:06  Pylon  
  28  2:09  Probe  
  29  2:27  Stalker  
  31  2:32  Stalker  
  33  2:47  Nexus  
  33  2:54  Probe  
  34  3:05  Sentry x2  
  38  3:08  Shield Battery  
  38  3:14  Probe  
  38  3:16  Pylon  
  39  3:31  Probe  
  40  3:35  Forge  
  40  3:37  Robotics Facility  
  40  3:40  Probe  
  40  3:42  Adept x2  
  45  3:48  Probe  
  46  3:58  Probe  
  46  4:01  Probe  
  48  4:05  Shield Battery  
  48  4:08  Probe  
  48  4:13  Probe  
  50  4:19  Probe  
  51  4:27  Protoss Ground Weapons Level 1  
  51  4:30  Probe  
  44  4:38  Probe  
  44  4:39  Probe  
  44  4:43  Observer  
  44  4:44  Twilight Council  
  47  4:49  Probe  
  47  4:50  Probe  
  49  5:01  Probe  
  49  5:02  Probe  
  49  5:05  Immortal  
  49  5:06  Stalker x2  
  55  5:13  Probe  
  52  5:15  Probe  
  54  5:24  Probe  
  54  5:26  Probe  
  55  5:30  Charge  
  55  5:32  Probe  
  55  5:36  Assimilator  
  55  5:37  Assimilator  
  55  5:38  Probe  
  55  5:41  Probe  
  58  5:50  Probe  
  58  5:53  Probe  
  60  6:02  Probe  
  61  6:05  Probe  
  61  6:09  Pylon  
  62  6:13  Gateway x2  
  62  6:15  Gateway x2  
  62  6:16  Protoss Ground Weapons Level 2  
  62  6:18  Warp Prism  
  62  6:20  Gateway  
  62  6:21  Templar Archives  
  62  6:27  Probe x2  
  62  6:31  Observer  
  66  6:36  Gateway  
  66  6:39  Probe  
  67  6:40  Probe  
  67  6:44  Pylon  
  68  6:50  Pylon  
  68  7:00  Zealot  
  62  7:19  High Templar x3  
  62  7:20  High Templar, Pylon  
  62  7:21  Zealot x3  
  76  7:24  Archon x2  
  76  7:25  Pylon  
  76  7:26  Pylon  
  75  7:36  Zealot  
  74  7:50  Zealot x3  
  78  7:52  Nexus  
  78  7:54  Pylon  
  77  8:06  High Templar  
  77  8:07  High Templar x2  
  77  8:10  Zealot, High Templar  
  77  8:11  Zealot x2  
  91  8:12  Archon  
  91  8:13  Zealot  
  91  8:14  Archon  
  93  8:20  Zealot x2  
  93  8:29  Pylon  
  93  8:32  Zealot x2  
  93  8:33  Zealot  
  99  8:38  Stalker  
  101  8:42  Stalker x2  
  83  8:50  Stalker  
  83  8:54  Zealot x2  
  78  9:03  Zealot x2  
  78  9:06  Probe  
  78  9:08  Probe  
  78  9:09  Observer  
  82  9:11  Probe  
  81  9:20  Stalker x2  
  81  9:24  Probe x2  
  87  9:28  High Templar x2  
  87  9:30  Observer  
  91  9:32  Archon  
  91  9:33  Protoss Ground Weapons Level 3  
  91  9:51  Probe  
  92  10:00  Zealot x6  
  104  10:17  High Templar x2  
  104  10:20  Pylon  
  108  10:22  Archon  
  108  10:23  Zealot x5  
  118  10:34  High Templar  
  120  10:37  Pylon  
  120  10:44  High Templar  
  120  10:46  Zealot x4  
  120  10:49  Archon  
  130  10:52  Immortal  
  134  11:08  Zealot x3, High Templar x2  
  144  11:12  Archon  
  144  11:18  Pylon  
  140  11:30  Zealot x6  
  152  11:34  Pylon  
  152  11:42  Zealot x2  
  152  11:44  Pylon  
  156  12:02  High Templar x3  
  156  12:03  Zealot x4, High Templar  
  156  12:06  Archon  
  156  12:07  Archon  
  164  12:23  Zealot x4  
  164  12:28  Probe  
  131  12:34  Zealot  
  131  12:35  Zealot x3, Probe  
  104  12:43  Zealot  
  104  12:44  Zealot x2  
Show
View Real Time Build Order
Export as new Build Order

OGZest Protoss 

Build Orders: Archon Immortal 

Get SALT Encoding   

  12  0:00  Probe  
  13  0:12  Probe  
  14  0:17  Pylon  
  14  0:24  Probe  
  15  0:32  Probe  
  15  0:37  Gateway  
  15  0:40  Probe  
  16  0:46  Assimilator  
  17  0:51  Probe  
  17  0:54  Assimilator  
  18  1:00  Probe  
  19  1:07  Gateway  
  19  1:08  Probe  
  19  1:17  Probe  
  20  1:24  Cybernetics Core  
  21  1:29  Probe  
  22  1:33  Pylon  
  22  1:41  Probe  
  23  1:50  Warp Gate  
  23  1:53  Probe  
  24  2:00  Stalker x2  
  28  2:12  Pylon  
  28  2:23  Pylon  
  27  2:30  Adept x2  
  31  2:46  Nexus  
  31  2:58  Robotics Facility  
  31  3:01  Sentry  
  31  3:03  Sentry  
  35  3:07  Probe  
  36  3:19  Probe, Pylon  
  37  3:31  Probe  
  38  3:38  Adept x2  
  38  3:40  Warp Prism  
  38  3:41  Probe  
  43  3:49  Probe  
  46  3:57  Probe  
  46  3:58  Probe  
  48  4:09  Probe  
  48  4:10  Probe  
  49  4:20  Stalker x2  
  49  4:22  Probe  
  49  4:23  Probe  
  48  4:34  Probe  
  48  4:35  Probe  
  50  4:46  Observer, Probe, Adept x2  
  50  4:47  Probe  
  56  4:58  Probe  
  56  4:59  Probe  
  59  5:03  Pylon  
  57  5:10  Probe  
  57  5:11  Probe  
  57  5:12  Immortal  
  59  5:21  Adept  
  59  5:22  Probe  
  59  5:23  Probe  
  59  5:27  Adept x2  
  65  5:34  Probe  
  67  5:35  Probe  
  67  5:41  Pylon  
  67  5:42  Pylon  
  67  5:44  Assimilator  
  67  5:45  Assimilator  
  67  5:48  Probe x2, Immortal  
  69  5:58  Twilight Council  
  73  6:05  Forge  
  73  6:07  Probe x2  
  73  6:09  Pylon  
  75  6:19  Probe x2  
  77  6:29  Immortal, Gateway  
  77  6:30  Gateway  
  81  6:37  Charge  
  81  6:39  Protoss Ground Weapons Level 1  
  81  6:42  Templar Archives  
  81  6:49  Gateway  
  81  6:50  Gateway  
  81  7:05  Warp Prism  
  73  7:19  Gateway  
  73  7:22  Gateway  
  73  7:23  High Templar  
  73  7:24  High Templar x3  
  73  7:29  Probe x2  
  83  7:30  Pylon x2  
  81  7:53  Archon x2  
  81  7:55  Zealot  
  81  7:56  Zealot x4  
  87  8:03  Immortal  
  87  8:04  Photon Cannon  
  87  8:06  Photon Cannon  
  87  8:07  Shield Battery x2  
  87  8:17  High Templar x2  
  87  8:18  Zealot x2  
  99  8:25  Archon  
  99  8:28  Zealot x2, High Templar x2  
  99  8:32  Archon  
  99  8:33  Gateway  
  106  8:38  Protoss Ground Weapons Level 2  
  105  8:46  Zealot x2  
  103  9:03  Nexus  
  103  9:23  High Templar x2  
  107  9:25  Photon Cannon  
  107  9:27  Shield Battery  
  107  9:28  Archon  
  107  9:32  High Templar  
  109  9:45  Observer  
  106  9:56  High Templar x2  
  106  9:59  Pylon  
  110  10:01  Pylon  
  110  10:03  Archon  
  110  10:04  Warp Prism  
  110  10:05  Pylon  
  110  10:08  Pylon  
  100  10:18  Probe  
  100  10:20  Probe x2  
  105  10:26  Probe  
  105  10:29  High Templar  
  105  10:34  Probe  
  108  10:36  Archon  
  108  10:40  Zealot x7  
  123  10:46  Probe  
  124  10:51  Immortal  
  128  11:01  Zealot x2  
  128  11:02  Probe  
  128  11:04  Zealot x4, High Templar x2  
  134  11:10  Probe  
  145  11:14  Archon  
  146  11:20  Probe, Immortal  
  151  11:34  Probe  
  152  11:41  Nexus  
  152  11:48  High Templar x2  
  152  11:52  Pylon  
  152  11:53  Archon, Pylon  
  156  11:54  Pylon  
  156  11:56  Pylon  
  156  11:59  Zealot  
  156  12:03  Pylon  
  156  12:06  Pylon  
  156  12:07  Immortal  
  160  12:16  Zealot x5  
  114  12:31  Zealot x3  
  104  12:37  Zealot x5  
Tags
 
Add a new tag
Caveats
  • Supply blocks, unpowered buildings, or Contaminate may cause inaccurate times.
  • Supply counts are checked every 10 seconds.